 Seeded DCSS version 0.29.1-15-g9cfb28693d (webtiles) character file.

Game seed: 1 (custom seed)

2 Kazon the Trooper (level 1, 18/19 HPs)
             Began as a Barachi Fighter on Apr 4, 2023.
             Quit the game on level 1 of the Dungeon.
             The game lasted 00:01:06 (49 turns).

Kazon the Trooper (Barachi Fighter)                   Turns: 49, Time: 00:01:07

Health: 18/19      AC:  7    Str: 17    XL:     1   Next: 30%
Magic:  1/1        EV:  9    Int:  8    God:
Gold:   31         SH:  4    Dex: 11    Spells: 0/0 levels left

rFire   . . .      SeeInvis .   a - +0 long sword
rCold   . . .      Faith    .   c - +0 buckler
rNeg    . . .      Spirit   .   b - +0 scale mail
rPois   .          Reflect  .   (no helmet)
rElec   .          Harm     .   (no cloak)
rCorr   .          Rampage  .   (no gloves)
Will    .....                   (no boots)
Stlth   ..........              (no amulet)
HPRegen 0.06/turn               (no ring)
MPRegen 0.07/turn               (no ring)

@: slow
A: amphibious, slowness 1, strong legs 1, +LOS
a: Hop


You were on level 1 of the Dungeon.
You visited 1 branch of the dungeon, and saw 1 of its levels.

You collected 31 gold pieces.

Inventory:

Hand Weapons
 a - a +0 long sword (weapon)
Armour
 b - a +0 scale mail (worn)
 c - a +0 buckler (worn)
Scrolls
 f - a scroll of acquirement
Potions
 d - a potion of might
 e - a potion of haste {unknown}


   Skills:
 + Level 3.7 Fighting
 + Level 2.4 Long Blades
 + Level 3.7 Armour
 + Level 3.2 Shields


You couldn't memorise any spells.
You didn't know any spells.
Your spell library was empty.

Dungeon Overview and Level Annotations

Branches:
Dungeon (1/15)

Altars:


Innate Abilities, Weirdness & Mutations

You are amphibious.
You cover ground slowly.
You can hop short distances.
You have an extended range of vision and can be seen from far away.


Message History

The bat barely misses you.
You see here an inky potion.
e - an inky potion The bat misses you.
The bat hits you but does no damage. The bat closely misses you.
The bat attacks as you move away! The bat hits you but does no damage.
The bat hits you. The bat hits you but does no damage. The bat hits you.
The bat barely misses you. The bat attacks as you move away!
The bat hits you but does no damage. x2
The bat closely misses you. You block the bat's attack.
The bat hits you but does no damage.
You see here a scroll labelled JOSIER CEATEUS.
f - a scroll labelled JOSIER CEATEUS You block the bat's attack.
The bat hits you but does no damage. x2
The bat completely misses you. The bat hits you but does no damage.
You see here 15 gold pieces.
You now have 31 gold pieces (gained 15).
The bat closely misses you. The bat hits you but does no damage.
The bat closely misses you. The bat hits you but does no damage.
You block the bat's attack. The bat hits you but does no damage.
The bat attacks as you move away! The bat closely misses you.
Found a stone staircase leading down.
The bat hits you but does no damage.
A goblin comes into view. It is wielding a +0 dagger.
The goblin shouts!
The bat hits you but does no damage. The bat hits you but does no damage.
You slash the bat!
You kill the bat!
You hit the goblin.
The goblin is moderately wounded.
You block the goblin's attack.
You slash the goblin!
You kill the goblin!
This is a scroll of acquirement!
Are you sure you want to abandon this character and quit the game? (Confirm with "yes".)

###...### ##'## ... #.#
..... #.# ...> +.+ ..... #.#
...### #.# # #####.#.### #'#
#. #......)@.###### #.#####
.. #.........."...###.....#
....#..####.†........##....#
...............##....##....#
.....#.....................#
.# +.....................#
#.....#.##............#
.......#...#.#.......##....#
..####.#...#.#..#....##....#


There were no monsters in sight!

Vanquished Creatures
  A goblin (D:1)
  A bat (D:1)
2 creatures vanquished.

Notes
Turn   | Place    | Note
-------+----------+-------------------------------------------
     0 | D:1      | Kazon the Barachi Fighter began the quest for the Orb.
     0 | D:1      | Reached XP level 1. HP: 18/18 MP: 1/1
    49 | D:1      | Identified a scroll of acquirement
    49 | D:1      | Quit the game

Illustrated notes

Levels and vault maps discovered:
D:1:      dpeg_arrival_three_smaller_balls, layout_basic

Action                   || total
-------------------------++-------
Melee: Long sword        ||     3
Armor: Scale mail        ||    19
Dodge: Dodged            ||    13
Block: Buckler           ||     5
